Philadelphia Flyers vs Calgary Flames
Created - Saturday, March 22, 2025 at 10:23
Goals
|
| Philadelphia Flyers |
0 |
0 |
2 |
2 |
| Calgary Flames |
2 |
0 |
2 |
4 |
|
Shots
|
| Philadelphia Flyers |
5 |
11 |
9 |
25 |
| Calgary Flames |
9 |
8 |
24 |
41 |
|
1st period
1. Calgary Flames , Chris Kreider 12 (J.T. Miller 23) at 15:40
2. Calgary Flames , Zach Hyman 11 (Joel Eriksson Ek 10, Sebastian Aho 26) at 18:40
Penalties :
Jeremy Lauzon (CGY) for Cross-checking (Minor) at 8:38, Jake Middleton (CGY) for Fighting (Major) at 11:37, Brandon Duhaime (PHI) for Fighting (Major) at 11:37
2nd period
No Goal
Penalties :
Jake Middleton (CGY) for Fighting (Major) at 9:16, Juuso Parssinen (PHI) for Fighting (Major) at 9:16, Brett Murray (PHI) for High sticking (Minor) at 16:59
3rd period
3. Philadelphia Flyers , Trevor van Riemsdyk 3 (Casey Cizikas 17) at 0:04
4. Calgary Flames , Joel Eriksson Ek 10 (Sebastian Aho 27, Zach Hyman 18) at 0:14
5. Philadelphia Flyers , Sean Kuraly 14 (Marcus Johansson 11) at 0:18
6. Calgary Flames , Matthew Tkachuk 14 (J.T. Miller 24) at 5:02
Penalties :
Cody Glass (PHI) for Tripping (Minor) at 1:26, Jake Middleton (CGY) for Fighting (Major / Game Misconduct) at 9:36, Joshua Brown (PHI) for Fighting (Major) at 9:36
Goalie Stats
Connor Ingram (PHI), 37 saves from 41 shots - (0.902), L, 9-15-4, 60:00 minutes
Ilya Sorokin (CGY), 23 saves from 25 shots - (0.920), W, 23-9-1, 60:00 minutes
Players Stats for Philadelphia Flyers
Player Name G A P +/- PIM S H SB GA TA FO MP PP MP PK MP
------------------------------------------------------------------------------------
Brandon Duhaime 0 0 0 0 5 2 0 0 1 0 0/1 12:27 0:00 0:00
Brett Murray 0 0 0 0 2 3 2 3 0 0 1/2 13:53 0:00 0:00
Casey Cizikas 0 1 1 -2 0 0 2 2 0 0 8/20 15:40 0:52 1:55
Cody Glass 0 0 0 -2 2 1 2 2 1 0 0/0 13:31 0:52 0:00
Fredrik Olofsson 0 0 0 0 0 2 1 0 1 1 0/0 13:52 0:00 0:00
Jack McBain 0 0 0 0 0 3 2 1 2 1 4/15 16:40 1:07 0:00
Jeff Skinner 0 0 0 -2 0 1 0 0 0 0 0/1 15:07 1:07 0:00
Joel Edmundson 0 0 0 -1 0 0 1 2 0 2 0/0 18:19 0:00 0:00
Joshua Brown 0 0 0 0 5 1 1 1 0 0 0/0 16:26 0:00 2:03
Juuso Parssinen 0 0 0 0 5 1 3 0 0 0 0/0 12:54 1:07 0:00
Luke Glendening 0 0 0 0 0 1 1 0 0 0 2/2 16:02 0:00 2:03
Marcus Johansson 0 1 1 0 0 2 0 0 1 1 0/0 13:51 0:00 0:00
Radek Faksa 0 0 0 0 0 3 1 0 2 1 5/14 15:57 0:00 1:55
Sean Kuraly 1 0 1 0 0 1 1 0 1 0 3/9 16:46 0:52 2:03
Trevor van Riemsdyk 1 0 1 -1 0 1 0 0 1 2 0/0 21:59 1:26 2:03
Vladislav Gavrikov 0 0 0 -1 0 0 1 1 0 2 0/0 21:50 0:33 1:55
William Borgen 0 0 0 -1 0 1 2 2 1 1 0/0 23:00 0:33 1:55
Zac Jones 0 0 0 0 0 2 1 1 0 0 0/0 17:43 1:26 0:00
Players Stats for Calgary Flames
Player Name G A P +/- PIM S H SB GA TA FO MP PP MP PK MP
------------------------------------------------------------------------------------
Bo Horvat 0 0 0 0 0 2 4 0 0 0 3/7 14:39 0:00 0:00
Cale Makar 0 0 0 1 0 2 0 1 1 2 0/0 24:34 1:51 1:00
Chris Kreider 1 0 1 2 0 5 3 0 1 1 0/0 18:34 2:00 0:56
Drew Doughty 0 0 0 1 0 2 0 2 3 2 0/0 23:46 1:51 1:00
Filip Hronek 0 0 0 1 0 2 1 0 0 0 0/0 16:15 0:00 0:00
J.T. Miller 0 2 2 2 0 4 2 1 1 0 19/27 18:27 2:00 0:56
Jake Middleton 0 0 0 0 25 1 2 0 0 0 0/0 11:43 0:00 0:59
Jeremy Lauzon 0 0 0 0 2 3 3 0 0 1 0/0 20:46 2:07 0:00
Joel Eriksson Ek 1 1 2 0 0 3 1 0 0 1 2/2 15:27 0:00 1:03
Kris Letang 0 0 0 1 0 1 2 3 0 1 0/0 22:50 2:07 0:59
Mathieu Joseph 0 0 0 0 0 0 0 0 0 0 0/1 9:29 0:00 0:00
Matthew Tkachuk 1 0 1 2 0 4 4 1 2 0 1/2 17:31 2:00 0:00
Nic Dowd 0 0 0 0 0 1 0 0 0 1 0/0 9:52 0:00 0:00
Nicholas Paul 0 0 0 0 0 1 0 0 2 0 5/6 9:52 0:00 0:00
Oliver Bjorkstrand 0 0 0 0 0 1 0 1 0 0 0/0 14:16 0:00 0:00
Pavel Zacha 0 0 0 0 0 2 2 0 0 0 1/1 16:07 1:58 0:00
Sebastian Aho 0 2 2 0 0 4 1 2 0 2 10/17 17:44 1:58 1:03
Zach Hyman 1 1 2 0 0 3 3 0 1 0 0/1 16:05 1:58 0:00
3 Stars
1 - Matthew Tkachuk (CGY)
2 - Zach Hyman (CGY)
3 - Chris Kreider (CGY)
Power Play
Philadelphia Flyers - 0 on 1 Attempt(s) - 0.00%
Calgary Flames - 0 on 2 Attempt(s) - 0.00%
Penalty Kill
Philadelphia Flyers - 2 on 2 Attempt(s) - 100.00%
- Score 0 goal in Penalty Kill
Calgary Flames - 1 on 1 Attempt(s) - 100.00%
- Score 0 goal in Penalty Kill
Team Stat
Philadelphia Flyers - Hits : 21 - Faceoff Wins : 23 - Blocked Shots : 15 - Penalty Minutes : 19
Calgary Flames - Hits : 28 - Faceoff Wins : 41 - Blocked Shots : 11 - Penalty Minutes : 27
Official
Referees : Ghislain Hebert and Justin Kea
Linesman : CJ Murray and Trent Knorr
Game Notes
Brandon Duhaime beats up Jake Middleton at 11:37 of 1st period
Jake Middleton beats up Juuso Parssinen at 9:16 of 2nd period
Joshua Brown beats up Jake Middleton at 9:36 of 3rd period
Jake Middleton (CGY) for Fighting (Major / Game Misconduct) at 9:36
Jake Middleton ejected from game at 9:36 of 3rd period
Finance
Level 1 -- Attendance: 4928 (82.13%) -- Ticket Income $492,800
Level 2 -- Attendance: 3977 (79.54%) -- Ticket Income $238,620
Level 3 -- Attendance: 2434 (81.13%) -- Ticket Income $85,190
Level 4 -- Attendance: 3859 (77.18%) -- Ticket Income $96,475
Luxury Box -- Attendance: 722 (72.20%) -- Ticket Income $144,400
Game was played at the Scotiabank Saddledome.
Total Attendance: 15920 (79.60%)
Total Ticket Income: $1,057,485
Other Income: $370,120
Total Income: $1,427,605
Philadelphia Flyers
5 vs 5 Forward
Center Left Wing Right Wing Time % Phy DF OF
1 Casey Cizikas Jeff Skinner Cody Glass 25 0 1 4
2 Sean Kuraly Juuso Parssinen Marcus Johansson 25 0 2 3
3 Radek Faksa Luke Glendening Brandon Duhaime 25 0 1 4
4 Jack McBain Brett Murray Fredrik Olofsson 25 0 2 3
5 vs 5 Defense
Defense Defense Time % Phy DF OF
1 Vladislav Gavrikov Trevor van Riemsdyk 35 0 2 3
2 William Borgen Joel Edmundson 35 0 2 3
3 Zac Jones Joshua Brown 30 0 2 3
4 Vladislav Gavrikov William Borgen 0 1 2 2
PowerPlay Forward
Center Left Wing Right Wing Time % Phy DF OF
1 Jack McBain Jeff Skinner Juuso Parssinen 50 0 0 5
2 Casey Cizikas Cody Glass Sean Kuraly 50 0 0 5
PowerPlay Defense
Defense Defense Time % Phy DF OF
1 William Borgen Vladislav Gavrikov 50 0 1 4
2 Zac Jones Trevor van Riemsdyk 50 0 1 4
Penalty Kill 4 Players Forward
Center Wing Time % Phy DF OF
1 Casey Cizikas Radek Faksa 50 0 5 0
2 Sean Kuraly Luke Glendening 50 0 5 0
Penalty Kill 4 Players Defense
Defense Defense Time % Phy DF OF
1 Vladislav Gavrikov William Borgen 50 0 5 0
2 Trevor van Riemsdyk Joshua Brown 50 0 5 0
Penalty Kill - 3 Players Forward
Forward Time % Phy DF OF
1 Casey Cizikas 50 0 5 0
2 Radek Faksa 50 0 5 0
Penalty Kill - 3 Players Defense
Defense Defense Time % Phy DF OF
1 Vladislav Gavrikov William Borgen 50 0 5 0
2 Trevor van Riemsdyk Joshua Brown 50 0 5 0
4 vs 4 Forward
Center Wing Time % Phy DF OF
1 Jeff Skinner Casey Cizikas 50 0 1 4
2 Jack McBain Juuso Parssinen 50 0 1 4
4 vs 4 Defense
Defense Defense Time % Phy DF OF
1 Vladislav Gavrikov William Borgen 50 0 2 3
2 Trevor van Riemsdyk Joel Edmundson 50 0 2 3
Last Minutes Offensive
Center Left Wing Right Wing Defense Defense
Casey Cizikas Jeff Skinner Jack McBain Vladislav Gavrikov William Borgen
Last Minutes Defensive
Center Left Wing Right Wing Defense Defense
Casey Cizikas Radek Faksa Sean Kuraly Vladislav Gavrikov William Borgen
Goaltenders
Starting : Connor Ingram
Backup : Jake Allen
Extra Forwards
Normal : Jack McBain, Jeff Skinner, Cody Glass - PP : Jack McBain, Jeff Skinner - PK : Jack McBain
Extra Defensemen
Normal : Vladislav Gavrikov, William Borgen, Trevor van Riemsdyk - PP : Vladislav Gavrikov - PK : Vladislav Gavrikov, William Borgen
Penalty Shots
Casey Cizikas, Cody Glass, Jeff Skinner, Juuso Parssinen, Sean Kuraly
Scratches
Chase De Leo (Healthy), Charles Hudon (Healthy), Jacob MacDonald (Healthy)
Calgary Flames
5 vs 5 Forward
Center Left Wing Right Wing Time % Phy DF OF
1 J.T. Miller Chris Kreider Matthew Tkachuk 30 0 3 2
2 Sebastian Aho Joel Eriksson Ek Zach Hyman 30 0 3 2
3 Bo Horvat Pavel Zacha Oliver Bjorkstrand 25 0 2 3
4 Nicholas Paul Nic Dowd Mathieu Joseph 15 1 2 2
5 vs 5 Defense
Defense Defense Time % Phy DF OF
1 Drew Doughty Cale Makar 35 0 2 3
2 Kris Letang Jeremy Lauzon 35 0 2 3
3 Filip Hronek Jake Middleton 30 1 2 2
4 Drew Doughty Cale Makar 0 1 2 2
PowerPlay Forward
Center Left Wing Right Wing Time % Phy DF OF
1 J.T. Miller Chris Kreider Matthew Tkachuk 50 1 2 2
2 Sebastian Aho Pavel Zacha Zach Hyman 50 1 2 2
PowerPlay Defense
Defense Defense Time % Phy DF OF
1 Drew Doughty Cale Makar 50 1 2 2
2 Kris Letang Jeremy Lauzon 50 1 2 2
Penalty Kill 4 Players Forward
Center Wing Time % Phy DF OF
1 J.T. Miller Chris Kreider 50 1 2 2
2 Sebastian Aho Joel Eriksson Ek 50 1 2 2
Penalty Kill 4 Players Defense
Defense Defense Time % Phy DF OF
1 Drew Doughty Cale Makar 50 1 2 2
2 Kris Letang Jeremy Lauzon 50 1 2 2
Penalty Kill - 3 Players Forward
Forward Time % Phy DF OF
1 J.T. Miller 50 1 2 2
2 Chris Kreider 50 1 2 2
Penalty Kill - 3 Players Defense
Defense Defense Time % Phy DF OF
1 Drew Doughty Cale Makar 50 1 2 2
2 Kris Letang Jeremy Lauzon 50 1 2 2
4 vs 4 Forward
Center Wing Time % Phy DF OF
1 J.T. Miller Chris Kreider 50 1 2 2
2 Sebastian Aho Joel Eriksson Ek 50 1 2 2
4 vs 4 Defense
Defense Defense Time % Phy DF OF
1 Drew Doughty Cale Makar 50 1 2 2
2 Kris Letang Jeremy Lauzon 50 1 2 2
Last Minutes Offensive
Center Left Wing Right Wing Defense Defense
J.T. Miller Chris Kreider Matthew Tkachuk Drew Doughty Cale Makar
Last Minutes Defensive
Center Left Wing Right Wing Defense Defense
J.T. Miller Chris Kreider Matthew Tkachuk Drew Doughty Cale Makar
Goaltenders
Starting : Ilya Sorokin
Backup : Samuel Montembeault
Extra Forwards
Normal : Nic Dowd, Bo Horvat, Nicholas Paul - PP : Nic Dowd, Bo Horvat - PK : Nicholas Paul
Extra Defensemen
Normal : Filip Hronek, Jake Middleton, Kris Letang - PP : Filip Hronek - PK : Jake Middleton, Kris Letang
Penalty Shots
J.T. Miller, Chris Kreider, Sebastian Aho, Joel Eriksson Ek, Bo Horvat
Scratches
None
% Time on Ice - Philadelphia Flyers
Lines # - Real PCT - Wanted PCT - Time Play
Normal Forward
1 - 23% - 25% - 12:21
2 - 26% - 25% - 13:51
3 - 26% - 25% - 13:59
4 - 26% - 25% - 13:52
Normal Defense
1 - 34% - 35% - 18:24
2 - 33% - 35% - 17:38
3 - 33% - 30% - 18:01
4 - 0% - 0% - 0:00
PP Forward
1 - 56% - 50% - 1:07
2 - 44% - 50% - 0:52
PP Defense
1 - 28% - 50% - 0:33
2 - 72% - 50% - 1:26
PK Forward
1 - 48% - 50% - 1:55
2 - 52% - 50% - 2:03
PK Defense
1 - 48% - 50% - 1:55
2 - 52% - 50% - 2:03
PK3 Forward
1 - 0% - 50%
2 - 0% - 50%
PK3 Defense
1 - 0% - 50%
2 - 0% - 50%
44 Forward
1 - 0% - 50%
2 - 0% - 50%
44 Defense
1 - 0% - 50%
2 - 0% - 50%
Last Minute Offensive - 0:00
Last Minute Defensive - 0:00
Total
Forward - 60:00
Defense - 60:00
|
% Time on Ice - Calgary Flames
Lines # - Real PCT - Wanted PCT - Time Play
Normal Forward
1 - 29% - 30% - 15:54
2 - 27% - 30% - 14:24
3 - 26% - 25% - 14:16
4 - 18% - 15% - 9:29
Normal Defense
1 - 33% - 35% - 18:00
2 - 33% - 35% - 17:45
3 - 32% - 30% - 17:33
4 - 1% - 0% - 0:45
PP Forward
1 - 50% - 50% - 2:00
2 - 50% - 50% - 1:58
PP Defense
1 - 47% - 50% - 1:51
2 - 53% - 50% - 2:07
PK Forward
1 - 47% - 50% - 0:56
2 - 53% - 50% - 1:03
PK Defense
1 - 50% - 50% - 1:00
2 - 50% - 50% - 0:59
PK3 Forward
1 - 0% - 50%
2 - 0% - 50%
PK3 Defense
1 - 0% - 50%
2 - 0% - 50%
44 Forward
1 - 0% - 50%
2 - 0% - 50%
44 Defense
1 - 0% - 50%
2 - 0% - 50%
Last Minute Offensive - 0:00
Last Minute Defensive - 0:00
Total
Forward - 60:00
Defense - 60:00
|
Play-by-Play
1st period
0:01 of 1st period - Casey Cizikas wins face-off versus J.T. Miller in neutral zone.
0:26 of 1st period - Vladislav Gavrikov is hit by Zach Hyman and loses puck.
0:51 of 1st period - Cale Makar is hit by Joel Edmundson and loses puck.
1:03 of 1st period - Icing by Bo Horvat.
1:04 of 1st period - Jack McBain wins face-off versus Mathieu Joseph in Calgary Flames zone.
2:23 of 1st period - Wrist shot by Bo Horvat.
2:23 of 1st period - Shot Misses the Net.
2:25 of 1st period - Slapshot by Kris Letang.
2:25 of 1st period - Shot Blocked by Cody Glass.
2:36 of 1st period - Icing by Filip Hronek.
2:37 of 1st period - Jack McBain wins face-off versus Nicholas Paul in Calgary Flames zone.
3:02 of 1st period - Vladislav Gavrikov is hit by J.T. Miller and loses puck.
3:09 of 1st period - J.T. Miller is hit by Vladislav Gavrikov.
3:51 of 1st period - Snap shot by Luke Glendening.
3:51 of 1st period - Shot Blocked by Drew Doughty.
3:53 of 1st period - Slapshot by Vladislav Gavrikov.
3:53 of 1st period - Shot Blocked by Sebastian Aho.
4:03 of 1st period - Snap shot by Luke Glendening.
4:03 of 1st period - Stopped by Ilya Sorokin without a rebound.
4:04 of 1st period - Casey Cizikas wins face-off versus Matthew Tkachuk in Calgary Flames zone.
4:29 of 1st period - Joshua Brown is hit by Jeremy Lauzon and loses puck.
4:40 of 1st period - Slapshot by Sebastian Aho.
4:40 of 1st period - Shot Misses the Net.
4:42 of 1st period - Wrist shot by Joel Eriksson Ek.
4:42 of 1st period - Stopped by Connor Ingram with a rebound.
4:52 of 1st period - Jake Middleton is hit by Radek Faksa and loses puck.
5:15 of 1st period - Wrist shot by Nicholas Paul.
5:15 of 1st period - Shot Misses the Net.
5:17 of 1st period - Wrist shot by Nicholas Paul.
5:17 of 1st period - Shot Misses the Net.
5:19 of 1st period - Wrist shot by Mathieu Joseph.
5:19 of 1st period - Shot Blocked by William Borgen.
5:21 of 1st period - Snap shot by Nicholas Paul.
5:21 of 1st period - Deflect By Mathieu Joseph.
5:21 of 1st period - Shot Blocked by Joel Edmundson.
5:21 of 1st period - Puck is out of play.
5:22 of 1st period - J.T. Miller wins face-off versus Jack McBain in Philadelphia Flyers zone.
5:27 of 1st period - Snap shot by Matthew Tkachuk.
5:27 of 1st period - Stopped by Connor Ingram without a rebound.
5:28 of 1st period - J.T. Miller wins face-off versus Jack McBain in Philadelphia Flyers zone.
5:35 of 1st period - William Borgen is hit by Matthew Tkachuk and loses puck.
5:53 of 1st period - Off-side.
5:54 of 1st period - Luke Glendening wins face-off versus Sebastian Aho in neutral zone.
6:08 of 1st period - Slapshot by Radek Faksa.
6:08 of 1st period - Shot Misses the Net.
6:10 of 1st period - Slapshot by Vladislav Gavrikov.
6:10 of 1st period - Shot Misses the Net.
7:45 of 1st period - William Borgen is hit by Jake Middleton and loses puck.
8:08 of 1st period - Kris Letang is hit by William Borgen and loses puck.
8:38 of 1st period - Minor Penalty to Jeremy Lauzon for Cross-checking.
8:39 of 1st period - J.T. Miller wins face-off versus Jack McBain in Calgary Flames zone.
8:49 of 1st period - Drew Doughty is hit by Jack McBain and loses puck.
9:07 of 1st period - Icing by Trevor van Riemsdyk.
9:08 of 1st period - Casey Cizikas wins face-off versus J.T. Miller in Philadelphia Flyers zone.
9:34 of 1st period - Jack McBain is hit by Jake Middleton and loses puck.
10:18 of 1st period - Icing by Jeff Skinner.
10:19 of 1st period - Sebastian Aho wins face-off versus Jack McBain in Philadelphia Flyers zone.
10:38 of 1st period - Penalty to Jeremy Lauzon is over, Jeremy Lauzon is back on ice.
10:54 of 1st period - Off-side.
10:55 of 1st period - Casey Cizikas wins face-off versus J.T. Miller in neutral zone.
11:04 of 1st period - Snap shot by Casey Cizikas.
11:04 of 1st period - Shot Blocked by J.T. Miller.
11:06 of 1st period - Slapshot by Joel Edmundson.
11:06 of 1st period - Shot Misses the Net.
11:08 of 1st period - Slapshot by William Borgen.
11:08 of 1st period - Deflect By Cale Makar.
11:08 of 1st period - Stopped by Ilya Sorokin with a rebound.
11:10 of 1st period - Wrist shot by Jeff Skinner.
11:10 of 1st period - Deflect By Casey Cizikas.
11:10 of 1st period - Shot Misses the Net.
11:10 of 1st period - Puck is out of play.
11:11 of 1st period - Sean Kuraly wins face-off versus Bo Horvat in Calgary Flames zone.
11:26 of 1st period - Wrist shot by Marcus Johansson.
11:26 of 1st period - Stopped by Ilya Sorokin without a rebound.
11:27 of 1st period - J.T. Miller wins face-off versus Brandon Duhaime in Calgary Flames zone.
11:32 of 1st period - Snap shot by Radek Faksa.
11:32 of 1st period - Shot Misses the Net.
11:34 of 1st period - Backhand shot by William Borgen.
11:34 of 1st period - Shot Blocked by Matthew Tkachuk.
11:36 of 1st period - Slapshot by Brandon Duhaime.
11:36 of 1st period - Stopped by Ilya Sorokin with a rebound.
11:37 of 1st period - Brandon Duhaime beats up Jake Middleton.
11:37 of 1st period - Penalty to Jake Middleton for Fighting.
11:37 of 1st period - Penalty to Brandon Duhaime for Fighting.
11:38 of 1st period - Sebastian Aho wins face-off versus Jack McBain in Calgary Flames zone.
11:38 of 1st period - Sebastian Aho is hit by Brett Murray.
11:48 of 1st period - Slapshot by Sebastian Aho.
11:48 of 1st period - Stopped by Connor Ingram with a rebound.
13:17 of 1st period - Juuso Parssinen is hit by Filip Hronek and loses puck.
13:48 of 1st period - Luke Glendening is hit by Pavel Zacha and loses puck.
14:40 of 1st period - Slapshot by Matthew Tkachuk.
14:40 of 1st period - Stopped by Connor Ingram with a rebound.
15:15 of 1st period - Snap shot by Oliver Bjorkstrand.
15:15 of 1st period - Shot Blocked by Joel Edmundson.
15:17 of 1st period - Wrist shot by Zach Hyman.
15:17 of 1st period - Deflect By Sebastian Aho.
15:17 of 1st period - Stopped by Connor Ingram with a rebound.
15:34 of 1st period - Snap shot by Mathieu Joseph.
15:34 of 1st period - Deflect By Nic Dowd.
15:34 of 1st period - Shot Blocked by Joshua Brown.
15:34 of 1st period - Puck is out of play.
15:35 of 1st period - J.T. Miller wins face-off versus Sean Kuraly in Philadelphia Flyers zone.
15:40 of 1st period - Snap shot by Chris Kreider.
15:40 of 1st period - Deflect By Sean Kuraly.
15:40 of 1st period - Goal by Chris Kreider - Philadelphia Flyers : 0 - Calgary Flames : 1.
15:41 of 1st period - Joel Eriksson Ek wins face-off versus Casey Cizikas in neutral zone.
16:09 of 1st period - Icing by Kris Letang.
16:10 of 1st period - Luke Glendening wins face-off versus Sebastian Aho in Calgary Flames zone.
16:41 of 1st period - Snap shot by J.T. Miller.
16:41 of 1st period - Stopped by Connor Ingram with a rebound.
17:25 of 1st period - Snap shot by Nicholas Paul.
17:25 of 1st period - Shot Misses the Net.
17:27 of 1st period - Snap shot by Filip Hronek.
17:27 of 1st period - Shot Misses the Net.
17:29 of 1st period - Wrist shot by Nic Dowd.
17:29 of 1st period - Shot Misses the Net.
17:58 of 1st period - Icing by Sebastian Aho.
17:59 of 1st period - Joel Eriksson Ek wins face-off versus Jeff Skinner in Calgary Flames zone.
18:40 of 1st period - Backhand shot by Zach Hyman.
18:40 of 1st period - Goal by Zach Hyman - Philadelphia Flyers : 0 - Calgary Flames : 2.
18:41 of 1st period - Jack McBain wins face-off versus J.T. Miller in neutral zone.
18:44 of 1st period - Wrist shot by Brett Murray.
18:44 of 1st period - Stopped by Ilya Sorokin without a rebound.
18:45 of 1st period - J.T. Miller wins face-off versus Jack McBain in Calgary Flames zone.
18:45 of 1st period - J.T. Miller is hit by Jack McBain.
19:39 of 1st period - Slapshot by Zach Hyman.
19:39 of 1st period - Shot Misses the Net.
19:41 of 1st period - Snap shot by Zach Hyman.
19:41 of 1st period - Stopped by Connor Ingram with a rebound.
19:43 of 1st period - Wrist shot by Sebastian Aho.
19:43 of 1st period - Deflect By Joshua Brown.
19:43 of 1st period - Shot Misses the Net.
19:43 of 1st period - Puck is out of play.
19:44 of 1st period - J.T. Miller wins face-off versus Jack McBain in Philadelphia Flyers zone.
19:49 of 1st period - Snap shot by Matthew Tkachuk.
19:49 of 1st period - Deflect By Chris Kreider.
19:49 of 1st period - Shot Misses the Net.
19:49 of 1st period - Puck is out of play.
19:50 of 1st period - Brett Murray wins face-off versus J.T. Miller in Philadelphia Flyers zone.
Goals for this period are 0 for Philadelphia Flyers vs 2 for Calgary Flames.
Shots for this period are 5 for Philadelphia Flyers vs 9 for Calgary Flames.
2nd period
0:01 of 2nd period - Casey Cizikas wins face-off versus Bo Horvat in neutral zone.
0:03 of 2nd period - Off-side.
0:04 of 2nd period - Bo Horvat wins face-off versus Casey Cizikas in neutral zone.
0:35 of 2nd period - Wrist shot by J.T. Miller.
0:35 of 2nd period - Shot Hit the Post.
0:39 of 2nd period - Slapshot by Matthew Tkachuk.
0:39 of 2nd period - Shot Misses the Net.
0:41 of 2nd period - Wrist shot by J.T. Miller.
0:41 of 2nd period - Stopped by Connor Ingram without a rebound.
0:42 of 2nd period - Sebastian Aho wins face-off versus Radek Faksa in Philadelphia Flyers zone.
0:43 of 2nd period - Wrist shot by Joel Eriksson Ek.
0:43 of 2nd period - Stopped by Connor Ingram without a rebound.
0:44 of 2nd period - Radek Faksa wins face-off versus Sebastian Aho in Philadelphia Flyers zone.
2:14 of 2nd period - Off-side.
2:15 of 2nd period - J.T. Miller wins face-off versus Radek Faksa in neutral zone.
2:42 of 2nd period - Jake Middleton is hit by Juuso Parssinen.
3:06 of 2nd period - Wrist shot by Brett Murray.
3:06 of 2nd period - Shot Misses the Net.
3:24 of 2nd period - Slapshot by Jeremy Lauzon.
3:24 of 2nd period - Stopped by Connor Ingram without a rebound.
3:25 of 2nd period - Nicholas Paul wins face-off versus Radek Faksa in Philadelphia Flyers zone.
3:26 of 2nd period - Snap shot by Cale Makar.
3:26 of 2nd period - Deflect By Radek Faksa.
3:26 of 2nd period - Stopped by Connor Ingram without a rebound.
3:27 of 2nd period - Nicholas Paul wins face-off versus Radek Faksa in Philadelphia Flyers zone.
4:06 of 2nd period - Backhand shot by Radek Faksa.
4:06 of 2nd period - Stopped by Ilya Sorokin without a rebound.
4:07 of 2nd period - Casey Cizikas wins face-off versus Sebastian Aho in Calgary Flames zone.
4:12 of 2nd period - Snap shot by Cody Glass.
4:12 of 2nd period - Stopped by Ilya Sorokin without a rebound.
4:13 of 2nd period - Casey Cizikas wins face-off versus Zach Hyman in Calgary Flames zone.
4:14 of 2nd period - Wrist shot by Jeff Skinner.
4:14 of 2nd period - Deflect By Cody Glass.
4:14 of 2nd period - Shot Blocked by Drew Doughty.
4:14 of 2nd period - Puck is out of play.
4:15 of 2nd period - Sebastian Aho wins face-off versus Casey Cizikas in Calgary Flames zone.
4:39 of 2nd period - Off-side.
4:40 of 2nd period - J.T. Miller wins face-off versus Jack McBain in neutral zone.
4:43 of 2nd period - Jack McBain is hit by Chris Kreider and loses puck.
5:06 of 2nd period - Jeremy Lauzon is hit by Juuso Parssinen and loses puck.
5:27 of 2nd period - Wrist shot by Sebastian Aho.
5:27 of 2nd period - Deflect By Joel Eriksson Ek.
5:27 of 2nd period - Shot Misses the Net.
5:27 of 2nd period - Puck is out of play.
5:28 of 2nd period - Sebastian Aho wins face-off versus Casey Cizikas in Philadelphia Flyers zone.
5:39 of 2nd period - Slapshot by Cody Glass.
5:39 of 2nd period - Shot Misses the Net.
5:41 of 2nd period - Slapshot by Joshua Brown.
5:41 of 2nd period - Stopped by Ilya Sorokin with a rebound.
5:43 of 2nd period - Wrist shot by Jeff Skinner.
5:43 of 2nd period - Stopped by Ilya Sorokin with a rebound.
5:53 of 2nd period - Matthew Tkachuk is hit by Brett Murray.
6:30 of 2nd period - Sean Kuraly is hit by Bo Horvat and loses puck.
6:50 of 2nd period - Wrist shot by Cale Makar.
6:50 of 2nd period - Stopped by Connor Ingram with a rebound.
8:46 of 2nd period - Snap shot by Bo Horvat.
8:46 of 2nd period - Shot Misses the Net.
8:48 of 2nd period - Snap shot by Bo Horvat.
8:48 of 2nd period - Stopped by Connor Ingram with a rebound.
8:50 of 2nd period - Wrist shot by Jeremy Lauzon.
8:50 of 2nd period - Shot Blocked by Jack McBain.
8:56 of 2nd period - Snap shot by Jack McBain.
8:56 of 2nd period - Stopped by Ilya Sorokin with a rebound.
8:58 of 2nd period - Wrist shot by Fredrik Olofsson.
8:58 of 2nd period - Stopped by Ilya Sorokin with a rebound.
9:00 of 2nd period - Wrist shot by Jack McBain.
9:00 of 2nd period - Deflect By Fredrik Olofsson.
9:00 of 2nd period - Stopped by Ilya Sorokin without a rebound.
9:01 of 2nd period - J.T. Miller wins face-off versus Sean Kuraly in Calgary Flames zone.
9:16 of 2nd period - Snap shot by Marcus Johansson.
9:16 of 2nd period - Stopped by Ilya Sorokin without a rebound.
9:16 of 2nd period - Jake Middleton beats up Juuso Parssinen.
9:16 of 2nd period - Penalty to Jake Middleton for Fighting.
9:16 of 2nd period - Penalty to Juuso Parssinen for Fighting.
9:17 of 2nd period - Radek Faksa wins face-off versus J.T. Miller in Calgary Flames zone.
9:51 of 2nd period - Snap shot by Marcus Johansson.
9:51 of 2nd period - Shot Blocked by Sebastian Aho.
9:53 of 2nd period - Snap shot by Jack McBain.
9:53 of 2nd period - Stopped by Ilya Sorokin with a rebound.
9:55 of 2nd period - Snap shot by Sean Kuraly.
9:55 of 2nd period - Shot Misses the Net.
10:05 of 2nd period - Slapshot by Drew Doughty.
10:05 of 2nd period - Shot Blocked by Casey Cizikas.
10:07 of 2nd period - Snap shot by Oliver Bjorkstrand.
10:07 of 2nd period - Shot Blocked by Casey Cizikas.
10:33 of 2nd period - Wrist shot by Jack McBain.
10:33 of 2nd period - Shot Misses the Net.
10:35 of 2nd period - Wrist shot by Jack McBain.
10:35 of 2nd period - Shot Blocked by Kris Letang.
10:37 of 2nd period - Snap shot by Fredrik Olofsson.
10:37 of 2nd period - Shot Blocked by Kris Letang.
10:47 of 2nd period - Radek Faksa is hit by Jeremy Lauzon and loses puck.
10:54 of 2nd period - Matthew Tkachuk is hit by Luke Glendening and loses puck.
11:11 of 2nd period - Sebastian Aho is hit by William Borgen and loses puck.
11:27 of 2nd period - Off-side.
11:28 of 2nd period - Pavel Zacha wins face-off versus Brett Murray in neutral zone.
11:58 of 2nd period - Wrist shot by Radek Faksa.
11:58 of 2nd period - Shot Misses the Net.
12:00 of 2nd period - Slapshot by Zac Jones.
12:00 of 2nd period - Shot Blocked by Cale Makar.
12:53 of 2nd period - Wrist shot by Radek Faksa.
12:53 of 2nd period - Shot Misses the Net.
13:04 of 2nd period - Brandon Duhaime is hit by Bo Horvat.
13:42 of 2nd period - Snap shot by Radek Faksa.
13:42 of 2nd period - Stopped by Ilya Sorokin without a rebound.
13:43 of 2nd period - Sebastian Aho wins face-off versus Sean Kuraly in Calgary Flames zone.
13:48 of 2nd period - Vladislav Gavrikov is hit by Sebastian Aho and loses puck.
14:09 of 2nd period - Joel Edmundson is hit by Matthew Tkachuk and loses puck.
14:30 of 2nd period - Jake Middleton is hit by Fredrik Olofsson and loses puck.
15:05 of 2nd period - Snap shot by Zach Hyman.
15:05 of 2nd period - Shot Misses the Net.
15:17 of 2nd period - Wrist shot by Jack McBain.
15:17 of 2nd period - Stopped by Ilya Sorokin without a rebound.
15:18 of 2nd period - J.T. Miller wins face-off versus Jack McBain in Calgary Flames zone.
15:31 of 2nd period - Wrist shot by Fredrik Olofsson.
15:31 of 2nd period - Shot Misses the Net.
15:43 of 2nd period - Juuso Parssinen is hit by Joel Eriksson Ek and loses puck.
16:08 of 2nd period - Vladislav Gavrikov is hit by Pavel Zacha and loses puck.
16:27 of 2nd period - Backhand shot by Nicholas Paul.
16:27 of 2nd period - Shot Blocked by Zac Jones.
16:29 of 2nd period - Backhand shot by Nic Dowd.
16:29 of 2nd period - Shot Misses the Net.
16:31 of 2nd period - Wrist shot by Mathieu Joseph.
16:31 of 2nd period - Shot Misses the Net.
16:33 of 2nd period - Snap shot by Nicholas Paul.
16:33 of 2nd period - Stopped by Connor Ingram with a rebound.
16:59 of 2nd period - Minor Penalty to Brett Murray for High sticking.
17:00 of 2nd period - J.T. Miller wins face-off versus Casey Cizikas in Philadelphia Flyers zone.
17:17 of 2nd period - Sean Kuraly is hit by Jeremy Lauzon and loses puck.
18:41 of 2nd period - Sean Kuraly is hit by Zach Hyman and loses puck.
18:59 of 2nd period - Penalty to Brett Murray is over, Brett Murray is back on ice.
19:43 of 2nd period - Pavel Zacha is hit by Joshua Brown and loses puck.
19:56 of 2nd period - Wrist shot by Oliver Bjorkstrand.
19:56 of 2nd period - Stopped by Connor Ingram with a rebound.
Goals for this period are 0 for Philadelphia Flyers vs 0 for Calgary Flames.
Shots for this period are 11 for Philadelphia Flyers vs 8 for Calgary Flames.
3rd period
0:01 of 3rd period - Casey Cizikas wins face-off versus Sebastian Aho in neutral zone.
0:04 of 3rd period - Slapshot by Trevor van Riemsdyk.
0:04 of 3rd period - Goal by Trevor van Riemsdyk - Philadelphia Flyers : 1 - Calgary Flames : 2.
0:05 of 3rd period - Sebastian Aho wins face-off versus Casey Cizikas in neutral zone.
0:14 of 3rd period - Snap shot by Joel Eriksson Ek.
0:14 of 3rd period - Goal by Joel Eriksson Ek - Philadelphia Flyers : 1 - Calgary Flames : 3.
0:15 of 3rd period - Sean Kuraly wins face-off versus Sebastian Aho in neutral zone.
0:18 of 3rd period - Wrist shot by Sean Kuraly.
0:18 of 3rd period - Goal by Sean Kuraly - Philadelphia Flyers : 2 - Calgary Flames : 3.
0:19 of 3rd period - Radek Faksa wins face-off versus J.T. Miller in neutral zone.
0:34 of 3rd period - Snap shot by J.T. Miller.
0:34 of 3rd period - Stopped by Connor Ingram with a rebound.
0:46 of 3rd period - Drew Doughty is hit by Sean Kuraly and loses puck.
1:26 of 3rd period - Minor Penalty to Cody Glass for Tripping.
1:27 of 3rd period - Sebastian Aho wins face-off versus Sean Kuraly in Philadelphia Flyers zone.
1:30 of 3rd period - Wrist shot by Sebastian Aho.
1:30 of 3rd period - Stopped by Connor Ingram with a rebound.
1:32 of 3rd period - Wrist shot by Pavel Zacha.
1:32 of 3rd period - Shot Misses the Net.
1:34 of 3rd period - Slapshot by Jeremy Lauzon.
1:34 of 3rd period - Shot Misses the Net.
1:36 of 3rd period - Snap shot by Kris Letang.
1:36 of 3rd period - Shot Misses the Net.
1:38 of 3rd period - Slapshot by Jeremy Lauzon.
1:38 of 3rd period - Stopped by Connor Ingram without a rebound.
1:39 of 3rd period - J.T. Miller wins face-off versus Casey Cizikas in Philadelphia Flyers zone.
1:48 of 3rd period - Snap shot by J.T. Miller.
1:48 of 3rd period - Shot Blocked by William Borgen.
1:50 of 3rd period - Snap shot by J.T. Miller.
1:50 of 3rd period - Shot Misses the Net.
1:52 of 3rd period - Slapshot by Cale Makar.
1:52 of 3rd period - Deflect By Chris Kreider.
1:52 of 3rd period - Stopped by Connor Ingram without a rebound.
1:53 of 3rd period - Sean Kuraly wins face-off versus Sebastian Aho in Philadelphia Flyers zone.
2:02 of 3rd period - Pavel Zacha is hit by Casey Cizikas and loses puck.
2:30 of 3rd period - Vladislav Gavrikov is hit by Matthew Tkachuk and loses puck.
3:26 of 3rd period - Penalty to Cody Glass is over, Cody Glass is back on ice.
3:37 of 3rd period - Joel Edmundson is hit by Kris Letang and loses puck.
3:58 of 3rd period - Icing by Pavel Zacha.
3:59 of 3rd period - Bo Horvat wins face-off versus Sean Kuraly in Calgary Flames zone.
4:38 of 3rd period - Slapshot by Pavel Zacha.
4:38 of 3rd period - Shot Blocked by Brett Murray.
4:40 of 3rd period - Snap shot by Bo Horvat.
4:40 of 3rd period - Shot Misses the Net.
4:42 of 3rd period - Snap shot by Pavel Zacha.
4:42 of 3rd period - Shot Misses the Net.
4:44 of 3rd period - Slapshot by Filip Hronek.
4:44 of 3rd period - Stopped by Connor Ingram without a rebound.
4:45 of 3rd period - Sebastian Aho wins face-off versus Radek Faksa in Philadelphia Flyers zone.
4:54 of 3rd period - Snap shot by Sebastian Aho.
4:54 of 3rd period - Shot Misses the Net.
4:56 of 3rd period - Slapshot by Drew Doughty.
4:56 of 3rd period - Shot Misses the Net.
4:58 of 3rd period - Wrist shot by Cale Makar.
4:58 of 3rd period - Shot Misses the Net.
5:00 of 3rd period - Snap shot by Drew Doughty.
5:00 of 3rd period - Stopped by Connor Ingram without a rebound.
5:01 of 3rd period - J.T. Miller wins face-off versus Casey Cizikas in Philadelphia Flyers zone.
5:02 of 3rd period - Snap shot by Matthew Tkachuk.
5:02 of 3rd period - Goal by Matthew Tkachuk - Philadelphia Flyers : 2 - Calgary Flames : 4.
5:03 of 3rd period - J.T. Miller wins face-off versus Radek Faksa in neutral zone.
5:18 of 3rd period - Snap shot by J.T. Miller.
5:18 of 3rd period - Stopped by Connor Ingram with a rebound.
5:20 of 3rd period - Snap shot by Drew Doughty.
5:20 of 3rd period - Stopped by Connor Ingram with a rebound.
5:30 of 3rd period - Cale Makar is hit by Cody Glass and loses puck.
5:37 of 3rd period - Slapshot by Cale Makar.
5:37 of 3rd period - Deflect By Zach Hyman.
5:37 of 3rd period - Stopped by Connor Ingram with a rebound.
6:15 of 3rd period - Snap shot by Nicholas Paul.
6:15 of 3rd period - Deflect By Nic Dowd.
6:15 of 3rd period - Stopped by Connor Ingram with a rebound.
6:17 of 3rd period - Slapshot by Kris Letang.
6:17 of 3rd period - Stopped by Connor Ingram without a rebound.
6:18 of 3rd period - Nicholas Paul wins face-off versus Casey Cizikas in Philadelphia Flyers zone.
6:56 of 3rd period - Radek Faksa is hit by Chris Kreider and loses puck.
7:19 of 3rd period - Slapshot by Juuso Parssinen.
7:19 of 3rd period - Stopped by Ilya Sorokin with a rebound.
7:36 of 3rd period - Wrist shot by Brett Murray.
7:36 of 3rd period - Stopped by Ilya Sorokin without a rebound.
7:37 of 3rd period - J.T. Miller wins face-off versus Casey Cizikas in Calgary Flames zone.
7:37 of 3rd period - J.T. Miller is hit by Cody Glass.
8:13 of 3rd period - Slapshot by Sebastian Aho.
8:13 of 3rd period - Shot Blocked by Vladislav Gavrikov.
8:27 of 3rd period - Backhand shot by Sean Kuraly.
8:27 of 3rd period - Shot Misses the Net.
8:42 of 3rd period - Snap shot by Pavel Zacha.
8:42 of 3rd period - Stopped by Connor Ingram with a rebound.
9:13 of 3rd period - Luke Glendening is hit by Matthew Tkachuk and loses puck.
9:22 of 3rd period - Wrist shot by Chris Kreider.
9:22 of 3rd period - Stopped by Connor Ingram with a rebound.
9:24 of 3rd period - Slapshot by Jake Middleton.
9:24 of 3rd period - Stopped by Connor Ingram without a rebound.
9:25 of 3rd period - Sebastian Aho wins face-off versus Jack McBain in Philadelphia Flyers zone.
9:34 of 3rd period - Snap shot by Joel Eriksson Ek.
9:34 of 3rd period - Shot Misses the Net.
9:36 of 3rd period - Wrist shot by Filip Hronek.
9:36 of 3rd period - Deflect By Zac Jones.
9:36 of 3rd period - Stopped by Connor Ingram without a rebound.
9:36 of 3rd period - Joshua Brown beats up Jake Middleton.
9:36 of 3rd period - Penalty to Jake Middleton for Fighting.
9:36 of 3rd period - Jake Middleton is ejected from game.
9:36 of 3rd period - Penalty to Joshua Brown for Fighting.
9:37 of 3rd period - J.T. Miller wins face-off versus Casey Cizikas in Philadelphia Flyers zone.
9:40 of 3rd period - Slapshot by J.T. Miller.
9:40 of 3rd period - Shot Blocked by Cody Glass.
9:42 of 3rd period - Snap shot by Chris Kreider.
9:42 of 3rd period - Stopped by Connor Ingram without a rebound.
9:43 of 3rd period - J.T. Miller wins face-off versus Casey Cizikas in Philadelphia Flyers zone.
9:58 of 3rd period - Snap shot by J.T. Miller.
9:58 of 3rd period - Shot Misses the Net.
10:00 of 3rd period - Wrist shot by Jeremy Lauzon.
10:00 of 3rd period - Stopped by Connor Ingram with a rebound.
10:14 of 3rd period - Snap shot by Sebastian Aho.
10:14 of 3rd period - Shot Misses the Net.
10:40 of 3rd period - Snap shot by Radek Faksa.
10:40 of 3rd period - Shot Misses the Net.
10:42 of 3rd period - Slapshot by Zac Jones.
10:42 of 3rd period - Deflect By Cale Makar.
10:42 of 3rd period - Stopped by Ilya Sorokin with a rebound.
11:14 of 3rd period - Cody Glass is hit by J.T. Miller and loses puck.
11:37 of 3rd period - Slapshot by Sebastian Aho.
11:37 of 3rd period - Stopped by Connor Ingram with a rebound.
11:39 of 3rd period - Wrist shot by Joel Eriksson Ek.
11:39 of 3rd period - Shot Blocked by Brett Murray.
11:41 of 3rd period - Snap shot by Filip Hronek.
11:41 of 3rd period - Shot Misses the Net.
11:43 of 3rd period - Wrist shot by Kris Letang.
11:43 of 3rd period - Shot Blocked by Brett Murray.
12:01 of 3rd period - Snap shot by Brett Murray.
12:01 of 3rd period - Stopped by Ilya Sorokin without a rebound.
12:02 of 3rd period - Nicholas Paul wins face-off versus Radek Faksa in Calgary Flames zone.
12:20 of 3rd period - Brandon Duhaime is hit by Kris Letang and loses puck.
12:43 of 3rd period - J.T. Miller is hit by Zac Jones and loses puck.
12:56 of 3rd period - Juuso Parssinen is hit by Zach Hyman and loses puck.
13:08 of 3rd period - Joel Eriksson Ek is hit by Juuso Parssinen and loses puck.
13:21 of 3rd period - Jack McBain is hit by Bo Horvat and loses puck.
14:34 of 3rd period - Slapshot by Zac Jones.
14:34 of 3rd period - Stopped by Ilya Sorokin with a rebound.
14:51 of 3rd period - Radek Faksa is hit by Bo Horvat and loses puck.
15:04 of 3rd period - Slapshot by Jeff Skinner.
15:04 of 3rd period - Shot Misses the Net.
15:10 of 3rd period - Nicholas Paul is hit by Casey Cizikas and loses puck.
15:47 of 3rd period - Jack McBain is hit by Chris Kreider and loses puck.
16:36 of 3rd period - Snap shot by Pavel Zacha.
16:36 of 3rd period - Stopped by Connor Ingram with a rebound.
16:38 of 3rd period - Snap shot by Bo Horvat.
16:38 of 3rd period - Stopped by Connor Ingram with a rebound.
16:55 of 3rd period - Icing by William Borgen.
16:56 of 3rd period - Nicholas Paul wins face-off versus Sean Kuraly in Philadelphia Flyers zone.
17:09 of 3rd period - Snap shot by Jeff Skinner.
17:09 of 3rd period - Shot Blocked by Kris Letang.
17:28 of 3rd period - Snap shot by Brett Murray.
17:28 of 3rd period - Shot Misses the Net.
17:33 of 3rd period - Off-side.
17:34 of 3rd period - Bo Horvat wins face-off versus Radek Faksa in neutral zone.
17:39 of 3rd period - Snap shot by Luke Glendening.
17:39 of 3rd period - Shot Misses the Net.
17:41 of 3rd period - Wrist shot by Radek Faksa.
17:41 of 3rd period - Stopped by Ilya Sorokin without a rebound.
17:42 of 3rd period - Radek Faksa wins face-off versus Bo Horvat in Calgary Flames zone.
17:43 of 3rd period - Snap shot by Brandon Duhaime.
17:43 of 3rd period - Stopped by Ilya Sorokin without a rebound.
17:44 of 3rd period - Radek Faksa wins face-off versus Bo Horvat in Calgary Flames zone.
17:47 of 3rd period - Snap shot by Brandon Duhaime.
17:47 of 3rd period - Shot Blocked by Oliver Bjorkstrand.
18:35 of 3rd period - Off-side.
18:36 of 3rd period - Matthew Tkachuk wins face-off versus Jack McBain in neutral zone.
18:45 of 3rd period - Backhand shot by Matthew Tkachuk.
18:45 of 3rd period - Stopped by Connor Ingram without a rebound.
18:46 of 3rd period - Jack McBain wins face-off versus J.T. Miller in Philadelphia Flyers zone.
19:29 of 3rd period - Wrist shot by Chris Kreider.
19:29 of 3rd period - Stopped by Connor Ingram without a rebound.
19:30 of 3rd period - J.T. Miller wins face-off versus Radek Faksa in Philadelphia Flyers zone.
Goals for this period are 2 for Philadelphia Flyers vs 2 for Calgary Flames.
Shots for this period are 9 for Philadelphia Flyers vs 24 for Calgary Flames.
Back to the Top